Map: Dusk Towers

Players

Serral - Winner!

  • Race: Zerg Zerg
  • League: Grandmaster

ShoWTimE

  • Race: Protoss Protoss
  • League: Grandmaster

Event: 2016 WCS Winter Challenger Europe

VOD

Have the link to the VOD?

Description

Time

  • Played on: Feb. 13, 2016, 10:13 a.m.
  • Length: 9:13

All games in this series

Show
View Real Time Build Order
Export as new Build Order

Serral Zerg - Winner!

Build Orders: Hatch First, Lurkers 

Get SALT Encoding   

  12  0:01  Drone  
  13  0:12  Overlord  
  13  0:17  Drone  
  14  0:31  Drone x2  
  14  0:34  Drone  
  17  0:52  Hatchery  
  17  0:54  Drone  
  17  0:57  Drone  
  17  1:00  Extractor  
  17  1:13  Spawning Pool  
  17  1:15  Drone  
  17  1:19  Drone  
  18  1:28  Drone  
  19  1:38  Overlord  
  19  2:00  Queen  
  21  2:01  Metabolic Boost, Zergling x4  
  21  2:04  Queen  
  21  2:08  Drone  
  26  2:11  Drone  
  27  2:17  Drone  
  27  2:21  Drone  
  29  2:34  Hatchery  
  29  2:36  Drone  
  29  2:39  Drone  
  29  2:43  Overlord  
  30  2:47  Drone  
  30  2:51  Overlord  
  31  3:02  Drone x2  
  31  3:05  Drone  
  34  3:09  Drone x4  
  37  3:13  Drone x2  
  37  3:16  Overlord  
  37  3:19  Drone  
  39  3:27  Drone, Lair  
  39  3:29  Drone  
  41  3:39  Zergling x4  
  41  3:40  Zergling x2  
  44  3:42  Drone  
  44  3:44  Spore Crawler  
  44  3:47  Queen  
  46  3:48  Drone x2  
  46  3:53  Spore Crawler  
  46  3:54  Drone, Spore Crawler  
  47  3:56  Drone  
  47  3:59  Drone, Extractor  
  47  4:02  Drone  
  49  4:04  Drone  
  49  4:06  Drone  
  49  4:08  Drone  
  52  4:12  Overlord  
  52  4:13  Extractor  
  52  4:14  Drone  
  52  4:15  Drone  
  52  4:17  Drone  
  54  4:19  Drone  
  54  4:20  Drone  
  54  4:23  Drone  
  54  4:24  Drone  
  56  4:32  Overlord, Hydralisk Den  
  56  4:34  Drone x3  
  56  4:35  Drone  
  59  4:40  Drone x2  
  59  4:41  Extractor  
  59  4:43  Overlord  
  59  4:44  Drone x2  
  62  4:47  Drone  
  62  4:48  Drone  
  62  4:50  Drone x2  
  66  4:53  Overlord  
  66  4:56  Drone x2  
  68  5:02  Drone x4  
  68  5:05  Extractor x2  
  69  5:08  Lurker Den  
  69  5:12  Drone x3  
  69  5:17  Overlord  
  69  5:18  Overlord  
  69  5:19  Drone x2  
  71  5:24  Drone  
  71  5:25  Drone  
  73  5:29  Overlord x3  
  73  5:40  Drone x5  
  75  5:48  Overlord  
  75  5:56  Hatchery, Drone  
  75  6:07  Hydralisk  
  75  6:08  Hydralisk x8  
  93  6:21  Hatchery  
  92  6:35  Muscular Augments  
  92  6:37  Lurker x3  
  92  6:38  Lurker x4  
  92  6:39  Lurker x2  
  101  6:41  Overlord x2  
  101  6:43  Hydralisk x2  
  101  6:44  Zergling x10  
  101  6:46  Hydralisk  
  113  6:47  Zergling x4  
  113  6:52  Hydralisk x2  
  113  6:53  Zergling x4  
  120  6:56  Hydralisk  
  120  6:57  Zergling x2  
  121  7:03  Drone  
  121  7:04  Drone  
  121  7:05  Hydralisk x3  
  129  7:09  Overseer  
  129  7:12  Overlord x2  
  129  7:14  Hydralisk  
  131  7:16  Hydralisk  
  133  7:26  Hydralisk x3  
  135  7:36  Hydralisk x3  
  135  7:37  Zergling x8  
  135  7:38  Zergling x2  
  135  7:41  Queen  
  145  7:48  Hydralisk  
  145  7:49  Hydralisk x2, Zergling x2  
  145  7:50  Zergling x4  
  150  7:52  Lurker  
  151  7:58  Hydralisk x2  
  151  7:59  Hydralisk, Zergling x2  
  151  8:08  Hydralisk x3  
  151  8:09  Zergling x8  
  154  8:16  Hydralisk x2  
  154  8:17  Zergling x6  
  152  8:24  Lurker  
  151  8:29  Hydralisk x2  
  151  8:30  Zergling x2  
  151  8:31  Zergling x6  
  151  8:33  Lurker  
  150  8:37  Hydralisk x2  
  150  8:38  Zergling x6  
  149  8:53  Zergling x6  
  139  9:03  Infestation Pit  
Show
View Real Time Build Order
Export as new Build Order

ShoWTimE Protoss 

Build Orders: 1 Gate Expand, Oracle Opening 

Get SALT Encoding   

  12  0:00  Probe (Chrono Boost)  
  13  0:11  Probe (Chrono Boost)  
  14  0:17  Pylon  
  14  0:22  Probe (Chrono Boost)  
  16  0:35  Probe (Chrono Boost)  
  16  0:37  Gateway  
  16  0:42  Assimilator  
  16  0:46  Probe (Chrono Boost)  
  17  0:57  Probe (Chrono Boost)  
  18  1:07  Probe (Chrono Boost)  
  19  1:22  Nexus  
  19  1:30  Cybernetics Core  
  19  1:35  Probe (Chrono Boost)  
  20  1:41  Assimilator  
  20  1:45  Probe (Chrono Boost)  
  21  1:52  Pylon  
  21  1:56  Probe (Chrono Boost)  
  22  2:06  Probe (Chrono Boost)  
  23  2:09  Warp Gate  
  23  2:11  Stalker (Chrono Boost)  
  25  2:18  Probe  
  26  2:30  Probe (Chrono Boost)  
  26  2:31  Stargate  
  26  2:33  Probe (Chrono Boost)  
  28  2:41  Adept  
  28  2:42  Probe (Chrono Boost)  
  31  2:45  Probe (Chrono Boost)  
  32  2:53  Mothership Core (Chrono Boost)  
  32  2:56  Probe (Chrono Boost)  
  35  3:05  Pylon  
  35  3:06  Probe (Chrono Boost)  
  35  3:08  Adept  
  35  3:11  Probe (Chrono Boost)  
  39  3:16  Probe (Chrono Boost)  
  40  3:22  Probe (Chrono Boost)  
  40  3:25  Probe, Oracle (Chrono Boost)  
  44  3:34  Probe  
  46  3:35  Pylon  
  46  3:36  Probe  
  46  3:38  Adept  
  49  3:46  Probe  
  49  3:48  Probe, Gateway  
  50  3:51  Gateway  
  51  3:58  Probe x2  
  51  4:00  Oracle (Chrono Boost)  
  56  4:10  Probe  
  56  4:16  Probe, Nexus  
  57  4:21  Pylon  
  57  4:22  Probe  
  59  4:27  Probe  
  60  4:34  Probe  
  60  4:37  Probe, Assimilator  
  60  4:38  Assimilator  
  61  4:40  Phoenix (Chrono Boost)  
  64  4:45  Pylon  
  64  4:46  Probe  
  64  4:48  Probe, Sentry  
  64  4:52  Pylon  
  68  4:58  Probe x2  
  68  4:59  Robotics Facility  
  69  5:01  Forge  
  70  5:10  Probe  
  71  5:14  Probe, Twilight Council  
  72  5:23  Probe  
  72  5:24  Sentry  
  72  5:25  Probe  
  72  5:26  Probe  
  77  5:29  Pylon  
  77  5:34  Protoss Ground Weapons Level 1 (Chrono Boost)  
  77  5:35  Probe x2  
  78  5:37  Probe  
  80  5:43  Assimilator  
  80  5:44  Assimilator  
  80  5:46  Probe  
  80  5:47  Probe x2  
  80  5:48  Robotics Bay  
  83  5:54  Blink  
  83  5:56  Probe  
  83  5:59  Probe x2, Gateway  
  83  6:00  Gateway  
  86  6:07  Probe  
  86  6:08  Observer  
  86  6:11  Probe x2  
  90  6:17  Probe, Gateway  
  90  6:19  Pylon  
  90  6:22  Photon Cannon  
  90  6:24  Gateway  
  91  6:26  Gateway  
  91  6:29  Robotics Facility  
  91  6:30  Stalker  
  93  6:34  Stalker x2  
  93  6:38  Warp Prism (Chrono Boost)  
  99  6:44  Pylon  
  99  6:57  Pylon  
  99  7:04  Stalker x5  
  109  7:13  Pylon  
  109  7:14  Pylon, Disruptor (Chrono Boost)  
  112  7:22  Disruptor (Chrono Boost)  
  115  7:26  Pylon  
  115  7:27  Photon Cannon  
  115  7:30  Stalker, Sentry x2  
  115  7:31  Stalker x2  
  125  7:39  Pylon  
  125  7:41  Stalker x2  
  129  7:47  Stalker  
  131  7:53  Disruptor (Chrono Boost)  
  131  7:54  Pylon  
  131  7:55  Pylon  
  131  7:56  Disruptor (Chrono Boost)  
  135  8:05  Stalker x2  
  135  8:06  Stalker  
  137  8:17  Gateway  
  137  8:19  Pylon  
  137  8:27  Stalker x2  
  138  8:34  Stalker x3  
  121  8:42  Pylon, Disruptor (Chrono Boost)  
  121  8:45  Stalker x3  
  113  9:01  Stalker  
  113  9:02  Stalker  
Tags
 
Add a new tag
Caveats
  • Supply blocks, unpowered buildings, or Contaminate may cause inaccurate times.
  • Supply counts are checked every 10 seconds.